 Dungeon Crawl Stone Soup version 0.23-a0-143-g1adec7bb76 (webtiles) character file.

663831 Napalmbreeze the Invulnerable (level 27, -6/267 HPs)
             Began as a Minotaur Gladiator on Sept 4, 2018.
             Was a Priest of the Shining One.
             Mangled by a green draconian
             ... wielding a +0 trident
              (7 damage)
             ... on level 4 of the Realm of Zot on Sept 5, 2018.
             The game lasted 03:33:11 (81773 turns).

Napalmbreeze the Invulnerable (Minotaur Gladiator) Turns: 81773, Time: 03:33:11

Health: -6/267     AC: 42    Str: 27    XL:     27
Magic:  25/28      EV: 23    Int:  5    God:    the Shining One [***...]
Gold:   5850       SH:  9    Dex: 18    Spells: 26/26 levels left

rFire    + + +     SeeInvis .   y - +5 battleaxe of Valiance {holy, rC+}
rCold    + + +     Gourm    .   (shield currently unavailable)
rNeg     + + +     Faith    .   m - +12 gold dragon scales
rPois    +         Spirit   .   a - +0 hat of Catatonia {MR+ Str+3 Dex-5}
rElec    +         Reflect  .   G - scarf {cloud immunity}
rCorr    .         Harm     .   q - +2 pair of gloves {Dex+3}
MR       +++..     NoTele   +   (boots unavailable)
Stlth    ..........             F - amulet "Iroquin" {RegenMP -Tele rElec rF+ rN++}
HPRegen  0.54/turn              U - ring "Ihim" {rF+ rN+ Int+3}
MPRegen  0.46/turn              L - ring "Dynina" {rPois rC+ rN+ Str+2 Int-5}

@: lethally poisoned (-6 -> -8), divine shield, glowing
A: retaliatory headbutt, horns 2, talons 3
}: 3/15 runes: decaying, silver, gossamer
a: Divine Shield, Renounce Religion


You were on level 4 of the Realm of Zot.
You worshipped the Shining One.
The Shining One was most pleased with you.
You were not hungry.

You visited 11 branches of the dungeon, and saw 52 of its levels.
You visited the Abyss 2 times.
You visited 2 bazaars.
You visited 1 ziggurat, and saw 6 of its levels.
You also visited: Trove, Wizlab and Desolation.

You collected 9333 gold pieces.
You spent 3483 gold pieces at shops.

Inventory:

Hand Weapons
 s - a +2 executioner's axe of freezing
 y - the +5 battleaxe of Valiance (weapon) {holy, rC+}
   (You acquired it on level 5 of the Vaults)

   It has been blessed by the Shining One to cause great damage to the undead
   and demons.
   It protects you from cold.
 X - the +3 battleaxe "Hoqumn" {flame, rF+ Str+2}
   (Okawaru gifted it to you on level 2 of the Lair of Beasts)

   It has been specially enchanted to burn those struck by it, causing extra
   injury to most foes and up to half again as much damage against particularly
   susceptible opponents.
   Big, fiery blades are also staple armaments of hydra-hunters.
   It affects your strength (+2).
   It protects you from fire.
Armour
 a - the +0 hat of Catatonia (worn) {MR+ Str+3 Dex-5}
   (Okawaru gifted it to you on level 4 of the Lair of Beasts)

   It affects your strength (+3).
   It affects your dexterity (-5).
   It affects your resistance to hostile enchantments.
 m - +12 gold dragon scales (worn)
 q - a +2 pair of gloves of dexterity (worn)
 D - a +2 pair of boots of stealth
 G - a scarf of cloud immunity (worn)
Jewellery
 k - an uncursed ring of flight
 l - the ring "Zesmilar" {rC+ SInv}
   (You found it on level 5 of a ziggurat)

   [ring of protection from cold]

   It protects you from cold.
   It lets you see invisible.
 w - the ring "Buduguu" {rC+ Stlth+}
   (You took it off an ogre mage on level 4 of the Vaults)

   [ring of stealth]

   It protects you from cold.
   It makes you more stealthy.
 C - the ring "Jegg" {*Drain rF++ MR+ Int+3}
   (You bought it in a shop on level 1 of the Elven Halls)

   [ring of intelligence]

   It affects your intelligence (+3).
   It greatly protects you from fire.
   It affects your resistance to hostile enchantments.
   It causes draining when unequipped.
 F - the amulet "Iroquin" (around neck) {RegenMP -Tele rElec rF+ rN++}
   (You found it in a treasure trove)

   [amulet of magic regeneration]

   It increases your magic regeneration.
   It protects you from fire.
   It insulates you from electricity.
   It greatly protects you from negative energy.
   It prevents most forms of teleportation.
 L - the ring "Dynina" (right hand) {rPois rC+ rN+ Str+2 Int-5}
   (You found it in a treasure trove)

   [ring of poison resistance]

   It affects your strength (+2).
   It affects your intelligence (-5).
   It protects you from cold.
   It protects you from poison.
   It protects you from negative energy.
 S - the ring of Phasing {EV+8}
   (You found it on level 1 of the Elven Halls)

   [ring of evasion]

   It affects your evasion (+8).
 U - the ring "Ihim" (left hand) {rF+ rN+ Int+3}
   (You took it off a deep elf mage on level 3 of the Elven Halls)

   [ring of intelligence]

   It affects your intelligence (+3).
   It protects you from fire.
   It protects you from negative energy.
Wands
 u - a wand of digging (10)
Scrolls
 b - 18 scrolls of remove curse
 d - 5 scrolls of amnesia
 g - 9 scrolls of identify
 h - 14 scrolls of blinking
 p - 8 scrolls of enchant weapon
 z - 8 scrolls of fear
 A - a scroll of enchant armour
 E - a scroll of holy word
 H - 11 scrolls of teleportation
 N - 3 scrolls of fog
 O - a scroll of silence
 P - 4 scrolls of summoning
 R - 6 scrolls of magic mapping
Potions
 c - 5 potions of magic
 i - 3 potions of flight
 n - 6 potions of might
 o - 16 potions of curing
 r - 2 potions of ambrosia
 t - 7 potions of brilliance
 v - 5 potions of invisibility
 I - a potion of berserk rage
 J - 4 potions of haste
 M - 4 potions of mutation
 V - 4 potions of cancellation
 Y - 7 potions of heal wounds
Comestibles
 f - 40 rations


   Skills:
 + Level 25.6 Fighting
 + Level 26.4 Axes
 - Level 2.0 Throwing
 O Level 27 Armour
 * Level 26.5 Dodging
 - Level 8.0 Invocations


You had 26 spell levels left.
You didn't know any spells.
Your spell library contained the following spells:

 Spells                   Type           Power        Failure   Level  Hunger
 Animate Skeleton         Necr           N/A          97%         1    ##.....
 Apportation              Tloc           #.....       97%         1    ##.....
 Beastly Appendage        Tmut           #.....       97%         1    ##.....
 Confusing Touch          Hex            #.....       97%         1    ##.....
 Corona                   Hex            #......      97%         1    ##.....
 Flame Tongue             Conj/Fire      #....        97%         1    ##.....
 Infusion                 Chrm           #...         97%         1    ##.....
 Magic Dart               Conj           #...         97%         1    ##.....
 Pain                     Necr           #...         97%         1    ##.....
 Shock                    Conj/Air       #...         97%         1    ##.....
 Sting                    Conj/Pois      #...         97%         1    ##.....
 Summon Small Mammal      Summ           #...         97%         1    ##.....
 Blink                    Tloc           N/A          99%         2    ###....
 Call Imp                 Summ           #.......     99%         2    ###....
 Ensorcelled Hibernation  Hex/Ice        #.....       99%         2    ###....
 Poisonous Vapours        Pois/Air       #.....       99%         2    ###....
 Searing Ray              Conj           #.....       99%         2    ###....
 Shroud of Golubria       Chrm/Tloc      #.........   99%         2    ###....
 Slow                     Hex            #.......     99%         2    ###....
 Song of Slaying          Chrm           #.......     99%         2    ###....
 Sticks to Snakes         Tmut           #.......     99%         2    ###....
 Swiftness                Chrm/Air       #.......     99%         2    ###....
 Throw Flame              Conj/Fire      #.....       99%         2    ###....
 Throw Frost              Conj/Ice       #.....       99%         2    ###....
 Confuse                  Hex            #.......     100%        3    ####...
 Conjure Flame            Conj/Fire      #.......     100%        3    ####...
 Dazzling Spray           Conj/Hex       #.....       100%        3    ####...
 Gell's Gravitas          Tloc           #.........   100%        3    ####...
 Ignite Poison            Fire/Tmut/Pois #.......     100%        3    ####...
 Inner Flame              Hex/Fire       #.......     100%        3    ####...
 Mephitic Cloud           Conj/Pois/Air  #.......     100%        3    ####...
 Ozocubu's Armour         Chrm/Ice       #.......     100%        3    ####...
 Portal Projectile        Hex/Tloc       #.....       100%        3    ####...
 Regeneration             Chrm/Necr      #.........   100%        3    ####...
 Spider Form              Tmut/Pois      #.........   100%        3    ####...
 Static Discharge         Conj/Air       #.......     100%        3    ####...
 Stone Arrow              Conj/Erth      #.....       100%        3    ####...
 Tukima's Dance           Hex            #.......     100%        3    ####...
 Vampiric Draining        Necr           #.........   100%        3    ####...
 Airstrike                Air            #.........   100%        4    #####..
 Animate Dead             Necr           N/A          100%        4    #####..
 Cause Fear               Hex            #.........   100%        4    #####..
 Force Lance              Conj/Tloc      #.......     100%        4    #####..
 Fulminant Prism          Conj/Hex       #.........   100%        4    #####..
 Ice Form                 Ice/Tmut       #.......     100%        4    #####..
 Iskenderun's Mystic Bla  Conj           #.......     100%        4    #####..
 Leda's Liquefaction      Hex/Erth       #.........   100%        4    #####..
 Petrify                  Tmut/Erth      #.......     100%        4    #####..
 Sticky Flame             Conj/Fire      #.......     100%        4    #####..
 Throw Icicle             Conj/Ice       #.......     100%        4    #####..
 Agony                    Necr           #.......     100%        5    ######.
 Blade Hands              Tmut           #.........   100%        5    ######.
 Bolt of Draining         Conj/Necr      #.........   100%        5    ######.
 Bolt of Magma            Conj/Fire/Erth #.........   100%        5    ######.
 Dispel Undead            Necr           #.......     100%        5    ######.
 Fireball                 Conj/Fire      #.........   100%        5    ######.
 Irradiate                Conj/Tmut      #.........   100%        5    ######.
 Iskenderun's Battlesphe  Conj/Chrm      #.......     100%        5    ######.
 Lightning Bolt           Conj/Air       #.........   100%        5    ######.
 Metabolic Englaciation   Hex/Ice        #.........   100%        5    ######.
 Silence                  Hex/Air        #.........   100%        5    ######.
 Venom Bolt               Conj/Pois      #.........   100%        5    ######.
 Yara's Violent Unravell  Hex/Tmut       #.........   100%        5    ######.
 Bolt of Fire             Conj/Fire      #.........   100%        6    #######
 Conjure Ball Lightning   Conj/Air       #.........   100%        6    #######
 Death Channel            Necr           #.........   100%        6    #######
 Deflect Missiles         Chrm/Air       #.........   100%        6    #######
 Freezing Cloud           Conj/Ice/Air   #.........   100%        6    #######
 Hydra Form               Tmut           #.........   100%        6    #######
 Iron Shot                Conj/Erth      #.........   100%        6    #######
 Simulacrum               Ice/Necr       #.........   100%        6    #######
 Statue Form              Tmut/Erth      #........    100%        6    #######
 Dragon Form              Tmut           #.........   100%        7    #######
 Haunt                    Necr/Summ      #.........   100%        7    #######
 Malign Gateway           Summ/Tloc      #.........   100%        7    #######
 Monstrous Menagerie      Summ           #.........   100%        7    #######
 Orb of Destruction       Conj           #.........   100%        7    #######
 Ring of Flames           Chrm/Fire      #.........   100%        7    #######
 Spellforged Servitor     Conj/Summ      #.........   100%        7    #######
 Summon Greater Demon     Summ           #.........   100%        7    #######
 Borgnjor's Revivificati  Necr           #.........   100%        8    #######
 Controlled Blink         Tloc           N/A          100%        8    #######
 Death's Door             Chrm/Necr      #.........   100%        8    #######
 Discord                  Hex            #.........   100%        8    #######
 Infestation              Necr           #.........   100%        8    #######
 Necromutation            Tmut/Necr      #.........   100%        8    #######
 Summon Horrible Things   Summ           #.........   100%        8    #######
 Shatter                  Erth           #.........   100%        9    #######


Dungeon Overview and Level Annotations

Branches:
Dungeon (15/15)            Temple (1/1) D:7            Lair (6/6) D:9
  Swamp (4/4) Lair:4       Spider (4/4) Lair:2        Slime (3/5) Lair:6
    Orc (2/2) D:9             Elf (3/3) Orc:2        Vaults (5/5) D:14
  Crypt (0/3) Vaults:3     Depths (5/5) D:15            Zot (4/5) Depths:5

Altars:
Ashenzari
Cheibriados
Dithmenos
Elyvilon
Fedhas
Gozag
Hepliaklqana
Kikubaaqudgha
Makhleb
Nemelex Xobeh
Okawaru
Qazlal
Ru
Sif Muna
Trog
Uskayaw
Vehumet
Wu Jian
Xom
Yredelemnul
Zin
The Shining One
Beogh

Shops:
D:7 %   D:10 !   D:11 (   Orc:2 ([%:   Elf:1 =}}   Elf:2 }(%!   Elf:3 (
Vaults:2 }   Vaults:5 ??%(:}}

Portals:
Hell: Depths:1 Depths:3 Depths:4 Depths:5
Abyss: Depths:3 Depths:4
Pandemonium: Depths:2 Depths:3

Annotations:
Swamp:4 exclusion: Roxanne, Roxanne
Vaults:1 3 runed doors, stburah's ghost, adept FoFi


Innate Abilities, Weirdness & Mutations

You reflexively headbutt those who attack you in melee.
You have a pair of horns on your head.
You have claws for feet.


Message History

The red draconian hits you but does no damage.
You block the green draconian monk's attack.
The green draconian monk kicks you!
* * * LOW HITPOINT WARNING * * *
The green draconian monk completely misses you.
The green draconian monk tail-slaps you but does no damage.
The white draconian shifter blinks!
The moth of wrath closely misses you.
Press: ? - help, v - describe, . - travel
Here: a curse toe (haloed)
The floor.
Your divine shield is renewed.
You feel slightly more hungry.
You feel sick. The moth of wrath bites you.
* * * LOW HITPOINT WARNING * * *
The green draconian monk hits you but does no damage.
The green draconian monk kicks you but does no damage.
The green draconian monk barely misses you.
The green draconian monk tail-slaps you!
* * * LOW HITPOINT WARNING * * *
The green draconian hits you from afar with a trident!
You die...

#...........
+...........
###+#####......>....
#..................
#................#
#................#
#..........yzy...#
#...........@f§.q#
#..........fqf...+
#...........dd...#
#................#
###'#####...........
#.....+...........
#..####...........
####
#..#####+######...
...# #.......... ...


You could see a green draconian monk (berserk), a green draconian, a red
draconian, a curse toe, a white draconian shifter, 2 moths of wrath and 3
wandering mushrooms.

Vanquished Creatures
  An orb of fire (Zot:4)
  A juggernaut (Depths:5)
  An ancient lich (WizLab)
  A pandemonium lord (Zig:3)
  Sojobo (Vaults:5)
  Margery (Vaults:5)
  A curse toe (Zot:1)
  Saint Roka (Orc:2)
  Xtahua (Vaults:5)
  A Killer Klown (Zig:2)
  A caustic shrike (Depths:4)
  19 golden dragons
  2 bone dragons
  Arachne (Spider:1)
  4 liches
  A Tzitzimitl (Depths:2)
  Jorgrun (Spider:1)
  17 tentacled monstrosities
  Asterion (Depths:2)
  2 quicksilver dragons (Zot:3)
  14 deep elf master archers
  8 deep elf blademasters
  9 titans
  2 sphinxes
  5 acid blobs
  An Executioner (Zig:2)
  2 tentacled starspawn
  8 death cobs
  2 ancient champions
  13 shadow dragons
  Kirke (Swamp:2)
  3 tengu reavers (Vaults:5)
  A thorn hunter (Swamp:4)
  7 storm dragons
  3 revenants
  5 azure jellies
  5 draconian monks
  A nagaraja (Zig:4)
  6 draconian knights
  21 fire giants
  4 draconian scorchers
  7 ghost moths
  4 iron dragons
  A cacodemon (Depths:4)
  15 frost giants
  9 deep elf sorcerers
  5 draconian shifters
  2 juggernaut zombies
  8 emperor scorpions
  5 draconian annihilators
  8 ironheart preservers
  A balrug (Depths:1)
  14 vault wardens
  3 draconian stormcallers
  7 deep elf elementalists
  The ghost of dleb1993 the Lord of Darkness, a journeyman DDNe of Kikubaaqudgha (Elf:1)
  2 spriggan defenders (Depths:4)
  7 entropy weavers
  22 stone giants
  17 very ugly things
  4 war gargoyles
  A juggernaut skeleton (Depths:3)
  15 green draconians
  A reaper (Zig:3)
  11 black draconians
  9 red draconians
  4 vampire knights (Depths:3)
  14 purple draconians
  10 yellow draconians
  11 deep elf demonologists
  10 deep elf annihilators
  12 white draconians
  2 spark wasps (Depths:3)
  12 ettins
  7 deep elf death magi
  An eidolon (Depths:2)
  3 jiangshi
  2 green deaths (Swamp:4)
  2 ragged hierophants (Desolation)
  2 death oozes (Slime:2)
  6 fire dragons
  A merfolk impaler (Depths:4)
  7 deep elf high priests
  2 servants of whispers (Desolation)
  16 yaktaur captains
  A naga warrior (Zig:4)
  3 rakshasas
  8 great orbs of eyes
  10 ice dragons
  38 vault guards
  A quicksilver dragon skeleton (Depths:3)
  8 centaur warriors
  24 hydras
  4 spriggan air magi
  A catoblepas (Lair:6)
  A death knight (Vaults:1)
  9 alligators
  15 ogre magi
  41 two-headed ogres
  10 death yaks
  4 tengu warriors
  5 spriggan berserkers
  4 deep troll shamans
  A shock serpent (shapeshifter) (Vaults:5)
  6 hell hogs
  28 dancing weapons
  8 deep troll earth magi
  3 vampire magi (D:14)
  4 thrashing horrors
  3 orc high priests
  25 deep elf knights
  A naga sharpshooter (Zig:4)
  2 sun demons (Depths:1)
  2 soul eaters (Depths:2)
  7 skeletal warriors
  A wretched star (Abyss:4)
  Nergalle (Lair:1)
  16 hell knights
  6 shadow wraiths
  2 spectral minotaurs (Depths:2)
  A titan skeleton (Depths:3)
  A death drake (Depths:2)
  A spectral anaconda (Depths:2)
  6 flayed ghosts
  6 glowing orange brains
  2 spriggan druids
  An unseen horror (shapeshifter) (Vaults:2)
  4 unseen horrors
  27 deep trolls
  3 orange crystal statues
  A shadow demon (Abyss:3)
  11 swamp dragons
  23 deep elf archers
  2 tengu zombies (Depths:3)
  16 orc knights
  17 harpies
  7 shambling mangroves
  3 wizards
  3 mana vipers (Depths:2)
  A shadow dragon skeleton (Depths:3)
  2 golden dragon skeletons (Depths:3)
  23 ironbrand convokers
  3 necromancers
  22 orb spiders
  56 wolf spiders
  An orb spider (shapeshifter) (D:14)
  2 tengu skeletons (Depths:3)
  6 phantasmal warriors
  2 oklob plants (Lair:6)
  23 ugly things
  3 orc sorcerers
  2 shining eyes
  83 deep elf magi
  5 cyclopes
  A cyclops (shapeshifter) (Vaults:5)
  A fire giant zombie (Depths:3)
  A stone giant zombie (Depths:3)
  2 manticores
  20 moths of wrath
  2 frost giant zombies (Depths:3)
  3 frost giant skeletons (Depths:3)
  5 black mambas
  A sphinx skeleton (Depths:3)
  6 elephants (Lair:6)
  The ghost of WhatIsLove the Skirmisher, a novice HOFi of Beogh (D:5)
  A guardian serpent (shapeshifter) (Vaults:1)
  7 naga magi
  An eye of devastation (Slime:2)
  A black mamba (shapeshifter) (D:14)
  2 guardian serpents (Desolation)
  4 gargoyles
  4 orange demons
  3 smoke demons
  Joseph (D:7)
  5 rime drakes
  2 centaur skeletons (D:15)
  13 vault sentinels
  9 spiny frogs
  A spiny frog (shapeshifter) (D:13)
  3 torpor snails
  A kobold demonologist (D:15)
  4 freezing wraiths
  55 yaktaurs
  2 yaktaurs (shapeshifter)
  21 demonic crawlers
  A komodo dragon (shapeshifter) (Vaults:1)
  11 komodo dragons
  3 hellwings (Abyss:3)
  2 spectral merfolk (Depths:2)
  2 ancient zymes
  A tengu conjurer (Depths:2)
  An elf skeleton (Depths:3)
  2 meliai (shapeshifter)
  A merfolk (shapeshifter) (Elf:2)
  38 hornets
  Prince Ribbit (D:5)
  10 trolls
  A jumping spider (shapeshifter) (Vaults:1)
  42 jumping spiders
  15 saltlings
  16 bog bodies
  A blink frog (shapeshifter) (Vaults:1)
  15 tyrant leeches
  79 slime creatures
  A meliai zombie (D:13)
  5 blink frogs (Swamp:4)
  A dream sheep (shapeshifter) (Vaults:5)
  18 hippogriffs
  2 raiju
  A hippogriff (shapeshifter) (Depths:4)
  9 dream sheep
  An ettin skeleton (Depths:1)
  11 wraiths
  99 redbacks
  17 water elementals
  3 air elementals
  8 flying skulls
  8 small abominations
  9 wyverns
  A fire elemental (Elf:1)
  10 vampires
  12 large abominations
  A redback (shapeshifter) (Vaults:5)
  48 tarantellas
  A tarantella (shapeshifter) (Depths:2)
  2 humans (Depths:1)
  23 spriggans
  8 chaos spawn
  8 shadows
  11 golden eyes
  37 yaks
  2 steam dragons
  10 basilisks
  A hog (shapeshifter) (Vaults:5)
  2 hogs (Swamp:2)
  2 golden eyes (shapeshifter)
  3 hungry ghosts
  A neqoxec (Abyss:3)
  A harpy simulacrum (D:14)
  A minotaur simulacrum (Depths:2)
  3 vampire mosquitoes
  17 swamp worms
  A two-headed ogre zombie (WizLab)
  13 insubstantial wisps
  16 wargs
  2 acid dragons
  2 spectral trolls (Depths:2)
  2 floating eyes
  A hydra simulacrum (Depths:2)
  9 porcupines
  4 swamp drakes
  11 water moccasins
  2 spectral spriggans (Depths:2)
  8 hell hounds
  3 black bears
  57 orc warriors
  3 ice beasts
  An ettin simulacrum (Vaults:3)
  A necrophage (D:13)
  4 sky beasts
  A sky beast (shapeshifter) (Depths:5)
  2 snapping turtle zombies (Depths:2)
  5 eyes of draining
  6 wolves
  9 boggarts
  29 ogres
  11 centaurs
  4 phantoms
  10 crocodiles
  6 big kobolds
  14 bullfrogs
  A human simulacrum (Depths:1)
  4 merfolk simulacra (Depths:2)
  5 earth elementals
  3 spectral nagas (Depths:2)
  A wyvern skeleton (D:10)
  5 scorpions
  5 killer bees (D:8)
  A spectral ogre (Depths:2)
  8 troll zombies (WizLab)
  14 wights
  5 electric eels
  7 howler monkeys
  6 crimson imps
  A spectral centaur (Depths:2)
  2 bullfrog zombies
  2 quasits
  4 centaur zombies
  3 jellies
  33 orc wizards
  27 orc priests
  3 bullfrog skeletons
  7 hounds
  5 iguanas
  An iron imp (Abyss:2)
  Ijyb (D:5)
  Terence (D:3)
  9 worker ants
  A killer bee zombie (D:7)
  5 ogre zombies (WizLab)
  A hound zombie (D:6)
  3 hound skeletons
  A worker ant zombie (D:11)
  6 gnolls
  21 adders
  8 shadow imps
  2 white imps
  An ufetubus (Abyss:2)
  An ooze (D:3)
  An adder zombie (D:5)
  2 adder skeletons
  A worm (D:5)
  3 leopard geckos
  123 orcs
  4 giant cockroaches
  8 goblins
  5 hobgoblins
  8 jackals
  9 kobolds
  10 quokkas
  2 ball pythons
  5 bats (D:1)
  A frilled lizard (D:1)
  A quokka skeleton (D:5)
  6 rats
  A bush (D:9)
  2 crawling corpses (Elf:3)
  3 fungi
  5 plants
  2 starspawn tentacles (Abyss:3)
2631 creatures vanquished.

Vanquished Creatures (others)
  A titan (Zot:2)
  A tengu reaver (Vaults:5)
  A fire giant (Zot:1)
  A vault warden (Vaults:5)
  A stone giant (Vaults:5)
  An ettin (Vaults:5)
  A merfolk impaler (Depths:5)
  A two-headed ogre (Vaults:4)
  A deep elf knight (Elf:1)
  A necromancer (Depths:1)
  2 deep elf magi
  A bog body (Zig:5)
  2 redbacks (Spider:2)
  A small abomination (Abyss:2)
  An orc warrior (Vaults:4)
  A boggart (Depths:2)
  An ogre (Vaults:4)
  An orc (Vaults:4)
  A quokka (D:8)
  12 fungi
  29 plants
  4 starspawn tentacles (Abyss:2)
66 creatures vanquished.

Grand Total: 2697 creatures vanquished

Notes
Turn   | Place    | Note
-------+----------+-------------------------------------------
     0 | D:1      | Napalmbreeze the Minotaur Gladiator began the quest for the
                  | Orb.
     0 | D:1      | Reached XP level 1. HP: 18/18 MP: 0/0
   105 | D:1      | Reached XP level 2. HP: 25/25 MP: 1/1
   398 | D:1      | Reached skill level 1 in Armour
   718 | D:2      | Found a shadowy altar of Dithmenos.
   777 | D:2      | Reached XP level 3. HP: 27/30 MP: 2/2
   837 | D:2      | Found a faded altar of an unknown god.
  1818 | D:3      | Reached XP level 4. HP: 30/38 MP: 3/3
  1948 | D:3      | Reached skill level 2 in Armour
  1972 | D:3      | Reached skill level 5 in Axes
  2059 | D:3      | Noticed Terence
  2067 | D:3      | Killed Terence
  2199 | D:3      | Reached XP level 5. HP: 45/45 MP: 4/4
  2311 | D:4      | Got a jewelled dagger
  2461 | D:4      | Identified the +6 dagger of Guile {flame, rElec Dex+2
                  | Stlth+} (You found it on level 4 of the Dungeon)
  3171 | D:4      | Noticed a phantom
  3213 | D:4      | Killed a phantom
  3213 | D:4      | Reached skill level 3 in Armour
  3213 | D:4      | Reached XP level 6. HP: 35/52 MP: 5/5
  3888 | D:4      | Reached XP level 7. HP: 55/60 MP: 6/6
  3994 | D:5      | Entered Level 5 of the Dungeon
  4079 | D:5      | Noticed Prince Ribbit
  4088 | D:5      | Killed Prince Ribbit
  4088 | D:5      | Reached skill level 5 in Fighting
  4088 | D:5      | Reached skill level 4 in Armour
  4088 | D:5      | Reached skill level 5 in Dodging
  4094 | D:5      | Noticed Ijyb
  4100 | D:5      | Killed Ijyb
  4392 | D:5      | Reached XP level 8. HP: 69/69 MP: 7/7
  4599 | D:5      | Found a runed door.
  4599 | D:5      | Noticed WhatIsLove's ghost (novice HOFi)
  4611 | D:5      | Killed WhatIsLove's ghost
  4611 | D:5      | Reached skill level 5 in Armour
  4787 | D:5      | You fall through a shaft!
  5177 | D:6      | Reached skill level 6 in Armour
  5278 | D:6      | Found a radiant altar of Vehumet.
  5301 | D:6      | Found an opulent altar of Gozag.
  5320 | D:6      | Reached XP level 9. HP: 69/78 MP: 8/8
  5731 | D:6      | Found a deep blue altar of Sif Muna.
  5854 | D:6      | Identified Sif Muna's Papyrus of Venom
  5965 | D:7      | Found a staircase to the Ecumenical Temple.
  5969 | D:7      | Noticed Joseph
  5971 | Temple   | Entered the Ecumenical Temple
  5993 | Temple   | Became a worshipper of Warmaster Okawaru
  6122 | D:7      | Killed Joseph
  6122 | D:7      | Reached skill level 10 in Axes
  6548 | D:7      | Reached skill level 1 in Invocations
  6551 | D:7      | Found Ideimiad's Food Boutique.
  6788 | D:8      | Reached skill level 7 in Armour
  6918 | D:8      | Reached * piety under Okawaru
  7106 | D:8      | Found a white marble altar of Elyvilon.
  7329 | D:9      | Found a staircase to the Orcish Mines.
  7371 | D:9      | Reached XP level 10. HP: 89/89 MP: 11/11
  7372 | D:9      | Found a staircase to the Lair.
  7507 | D:9      | Reached skill level 8 in Armour
  7634 | D:9      | Reached ** piety under Okawaru
  7890 | D:9      | Found a glowing silver altar of Zin.
  7890 | D:9      | Found a basalt altar of Yredelemnul.
  7941 | D:9      | Found a glowing silver altar of Zin.
  7955 | D:9      | Got a faintly glowing broad axe
  7956 | D:9      | Identified the cursed +1 broad axe "Goblinslayer" {flame,
                  | rF+ Str+7 SInv} (You found it on level 9 of the Dungeon)
  7982 | D:9      | Found a stormy altar of Qazlal.
  8015 | D:9      | You fall through a shaft for 3 floors!
  8297 | D:11     | Reached *** piety under Okawaru
  8490 | D:10     | Entered Level 10 of the Dungeon
  8591 | D:10     | Reached skill level 9 in Armour
  8648 | D:9      | Reached skill level 5 in Invocations
  8683 | D:9      | Noticed a three-headed hydra
  8688 | D:9      | Killed a one-headed hydra
  8688 | D:9      | Reached **** piety under Okawaru
  8820 | D:9      | Reached XP level 11. HP: 99/99 MP: 14/14
  8877 | D:10     | Reached skill level 10 in Fighting
  9072 | D:10     | Found a stormy altar of Qazlal.
  9081 | D:10     | Found Polets's Distillery.
  9081 | D:10     | Noticed a two-headed ogre
  9092 | D:10     | Killed a two-headed ogre
  9245 | D:10     | Reached ***** piety under Okawaru
  9480 | Lair:1   | Entered Level 1 of the Lair of Beasts
  9505 | Lair:1   | Noticed a five-headed hydra
  9511 | Lair:1   | Killed a four-headed hydra
  9644 | Lair:1   | Received a gift from Okawaru
  9832 | Lair:1   | Noticed Nergalle
  9845 | Lair:1   | Killed Nergalle
  9916 | Lair:1   | Reached skill level 10 in Armour
 10106 | Lair:1   | Got a shimmering whip
 10107 | Lair:1   | Identified the +4 whip "Mevaschosch" {antimagic, rPois
                  | Int+3} (You found it on level 1 of the Lair of Beasts)
 11145 | Lair:2   | Found a hole to the Spider Nest.
 11246 | Lair:2   | Noticed a seven-headed hydra
 11257 | Lair:2   | Killed a two-headed hydra
 11257 | Lair:2   | Received a gift from Okawaru
 11257 | Lair:2   | Reached ****** piety under Okawaru
 11261 | Lair:2   | Got a fine battleaxe {god gift}
 11262 | Lair:2   | Identified the +3 battleaxe "Hoqumn" {flame, rF+ Str+2}
                  | (Okawaru gifted it to you on level 2 of the Lair of Beasts)
 11607 | Lair:2   | Noticed a four-headed hydra
 11612 | Lair:2   | Killed a two-headed hydra
 11612 | Lair:2   | Reached XP level 12. HP: 96/110 MP: 17/17
 11679 | Lair:2   | Noticed a four-headed hydra
 11689 | Lair:2   | Killed a one-headed hydra
 11896 | Lair:2   | Reached skill level 11 in Armour
 13059 | Lair:4   | Received a gift from Okawaru
 13160 | Lair:4   | Found a staircase to the Swamp.
 13335 | Lair:4   | Found a bloodstained altar of Trog.
 14041 | Lair:5   | Gained mutation: You are clumsy. (Dex -2) [potion of
                  | mutation]
 14041 | Lair:5   | Lost mutation: You are clumsy. (Dex -2) [potion of
                  | mutation]
 14196 | Lair:4   | Got a scorched hat {god gift}
 14207 | Lair:4   | Identified the +0 hat of Catatonia {MR+ Str+3 Dex-5}
                  | (Okawaru gifted it to you on level 4 of the Lair of Beasts)
 14256 | Lair:5   | Got a transparent ring mail
 14257 | Lair:5   | Identified the +3 ring mail of Inevitability {rElec rPois
                  | Dex+2} (You found it on level 5 of the Lair of Beasts)
 14282 | Lair:5   | Noticed a death yak
 14282 | Lair:5   | Noticed a death yak
 14283 | Lair:5   | Noticed a death yak
 14285 | Lair:5   | Noticed a death yak
 14294 | Lair:5   | Killed a death yak
 14301 | Lair:5   | Killed a death yak
 14303 | Lair:5   | Killed a death yak
 14304 | Lair:5   | Killed a death yak
 14304 | Lair:5   | Reached skill level 15 in Axes
 14304 | Lair:5   | Reached XP level 13. HP: 71/118 MP: 11/18
 14914 | Lair:5   | Received a gift from Okawaru
 14914 | Lair:5   | Reached skill level 12 in Armour
 15193 | Lair:6   | Entered Level 6 of the Lair of Beasts
 15409 | Lair:6   | Found a shattered altar of Ashenzari.
 15425 | Lair:6   | Reached skill level 10 in Dodging
 15545 | Lair:6   | Received a gift from Okawaru
 15668 | Lair:6   | Received a gift from Okawaru
 15993 | Lair:6   | Received a gift from Okawaru
 16042 | Lair:6   | Reached skill level 13 in Armour
 16063 | Lair:6   | Reached XP level 14. HP: 67/129 MP: 16/19
 16076 | Lair:6   | Identified the Compendium of Ghastly Snow
 16449 | Lair:6   | Found a staircase to the Slime Pits.
 16947 | D:11     | Found Caneumuk's Weapon Shoppe.
 17001 | D:11     | Found an ornate altar of the Wu Jian Council.
 17459 | D:12     | Got a crystal broad axe {speed}
 17486 | D:12     | Identified the +2 broad axe of the Wary Wars {speed,
                  | *Contam +Blink +Fly rN+} (You took it off a yaktaur on
                  | level 12 of the Dungeon)
 18111 | D:13     | Received a gift from Okawaru
 18807 | D:13     | Received a gift from Okawaru
 19163 | D:14     | Found a glowing silver altar of Zin.
 19325 | D:14     | Found a gate to the Vaults.
 19803 | D:14     | Received a gift from Okawaru
 20124 | D:14     | Identified Juzaipul's Handbook of Toxic Protection
 20139 | D:14     | Identified the Collected Works on Confrontation
 20150 | D:14     | Found a deep blue altar of Sif Muna.
 20183 | D:14     | Noticed a deep elf sorcerer
 20184 | D:14     | Noticed a deep elf sorcerer
 20193 | D:14     | Killed a deep elf sorcerer
 20194 | D:14     | Killed a deep elf sorcerer
 20202 | D:14     | Reached skill level 14 in Armour
 20440 | D:14     | Identified the Handbook of Confrontation
 20451 | D:14     | Identified the Handbook of the Feathery Oath
 20453 | D:14     | Identified Cilan's Compendium of Conjuration
 20468 | D:14     | Noticed a deep elf sorcerer
 20518 | D:14     | Cast into level 2 of the Abyss (a deep elf sorcerer)
 20715 | Abyss:2  | Noticed a deep elf elementalist
 20726 | Abyss:2  | Killed a deep elf elementalist
 20726 | Abyss:2  | Reached XP level 15. HP: 132/138 MP: 16/20
 21511 | Abyss:3  | Found a corrupted altar of Lugonu.
 21684 | Abyss:3  | Got a fine ring mail
 21688 | Abyss:3  | Noticed a deep elf sorcerer
 21859 | D:14     | Escaped the Abyss
 21861 | D:14     | Killed a deep elf sorcerer
 22023 | D:14     | Identified the +5 ring mail "Udadus" {Dex+5} (You found it
                  | on level 3 of the Abyss)
 22050 | D:14     | Identified the Compendium of Boosting Conjuration
 22061 | D:14     | Identified the Incunabulum of Stolen Souls and the Birds
 22198 | D:14     | Identified Cux Taaxzigh's Incunabulum of Shifting Air
 22267 | D:15     | Entered Level 15 of the Dungeon
 22628 | D:15     | Received a gift from Okawaru
 22997 | D:15     | Found a staircase to the Depths.
 22997 | D:15     | Noticed a frost giant
 23003 | D:15     | Killed a frost giant
 23537 | Orc:1    | Entered Level 1 of the Orcish Mines
 23893 | Orc:2    | Entered Level 2 of the Orcish Mines
 23942 | Orc:2    | Received a gift from Okawaru
 23996 | Orc:2    | Found a staircase to the Elven Halls.
 24112 | Orc:2    | Found a roughly hewn altar of Beogh.
 24142 | Orc:2    | Found a roughly hewn altar of Beogh.
 24143 | Orc:2    | Found Faloen's Food Shop.
 24244 | Orc:2    | Found a roughly hewn altar of Beogh.
 24333 | Orc:2    | Found a roughly hewn altar of Beogh.
 24542 | Orc:2    | Found a roughly hewn altar of Beogh.
 24607 | Orc:2    | Noticed Saint Roka
 25034 | Orc:2    | Found a roughly hewn altar of Beogh.
 25034 | Orc:2    | Found Xuhimav's Antique Armour Boutique.
 25034 | Orc:2    | Found Wuazicsi's Antique Weapon Shop.
 25042 | Orc:2    | Bought a warped plate armour for 700 gold pieces
 25237 | Orc:2    | Killed Saint Roka
 25237 | Orc:2    | Reached skill level 15 in Fighting
 25714 | Orc:2    | Identified the cursed +0 plate armour "Qudaim" {MR++} (You
                  | bought it in a shop on level 2 of the Orcish Mines)
 25835 | Orc:2    | Found a roughly hewn altar of Beogh.
 25835 | Orc:2    | Found Ethyifyr's Book Boutique.
 26213 | Swamp:1  | Entered Level 1 of the Swamp
 26718 | Swamp:1  | Reached skill level 15 in Armour
 26736 | Swamp:1  | Received a gift from Okawaru
 27489 | Swamp:2  | Reached XP level 16. HP: 124/149 MP: 13/21
 27492 | Swamp:2  | Noticed Kirke
 27495 | Swamp:2  | Received a gift from Okawaru
 27510 | Swamp:2  | Killed Kirke
 27526 | Swamp:2  | Got a slimy quick blade {god gift}
 29324 | Swamp:3  | Paralysed by a hornet for 3 turns
 29695 | Swamp:3  | Received a gift from Okawaru
 29741 | Swamp:4  | Entered Level 4 of the Swamp
 29771 | Swamp:4  | Received a gift from Okawaru
 29880 | Swamp:4  | Noticed a thorn hunter
 29896 | Swamp:4  | Killed a thorn hunter
 30079 | Swamp:4  | Noticed a tentacled monstrosity
 30093 | Swamp:4  | Killed a tentacled monstrosity
 30789 | Swamp:4  | Received a gift from Okawaru
 30803 | Swamp:3  | Identified the +0 quick blade "Jutsis" {elec, MR+} (Okawaru
                  | gifted it to you on level 2 of the Swamp)
 31019 | Swamp:4  | Noticed Roxanne
 31543 | Swamp:4  | Reached skill level 16 in Armour
 32038 | Swamp:4  | Noticed a tentacled monstrosity
 32892 | Swamp:4  | Received a gift from Okawaru
 33055 | Swamp:4  | Got a decaying rune of Zot
 33199 | Swamp:4  | Killed a tentacled monstrosity
 33199 | Swamp:4  | Reached XP level 17. HP: 140/158 MP: 22/22
 33349 | Spider:1 | Entered Level 1 of the Spider Nest
 35740 | Spider:1 | Received a gift from Okawaru
 36082 | Spider:2 | Noticed Jorgrun
 36388 | Spider:2 | Noticed Arachne
 36578 | Spider:1 | Killed Arachne
 37350 | Spider:1 | Killed Jorgrun
 38717 | Spider:2 | Received a gift from Okawaru
 38720 | Spider:2 | Got a brightly glowing battleaxe {god gift}
 38732 | Spider:1 | Identified the +3 battleaxe of Ehyr {freeze, rPois rF-
                  | Str+3} (Okawaru gifted it to you on level 2 of the Spider
                  | Nest)
 39151 | Spider:2 | Got a pair of distressingly furry gloves
 39162 | Spider:2 | Identified the cursed +0 pair of gloves of Indemnity
                  | {*Corrode +Inv MR+ Int+3} (You found it on level 2 of the
                  | Spider Nest)
 39817 | Spider:2 | Received a gift from Okawaru
 39840 | Spider:3 | Reached skill level 17 in Armour
 40188 | Spider:3 | Found a transporter.
 40213 | Spider:3 | Reached skill level 15 in Dodging
 40538 | Spider:3 | Reached XP level 18. HP: 151/170 MP: 5/23
 40607 | Spider:3 | Found a transporter.
 40611 | Spider:3 | Got a crude brass ring
 40621 | Spider:3 | Got a translucent lapis lazuli ring
 41041 | Spider:2 | Identified the ring of Socuthrai {rF+ Stlth+} (You found it
                  | on level 3 of the Spider Nest)
 41042 | Spider:2 | Identified the ring of the Vanishing Souls {Wiz Int+4
                  | Dex+4} (You found it on level 3 of the Spider Nest)
 41282 | Spider:4 | Entered Level 4 of the Spider Nest
 41496 | Spider:4 | Received a gift from Okawaru
 42485 | Spider:4 | Received a gift from Okawaru
 42997 | Spider:4 | Identified the Collected Works on Floating Snow
 43345 | Spider:4 | Got a gossamer rune of Zot
 43712 | Vaults:1 | Entered Level 1 of the Vaults
 43752 | Vaults:1 | Found a ruined gateway.
 43775 | Desolati | Entered the Desolation of Salt
 44205 | Vaults:1 | Received a gift from Okawaru
 44220 | Vaults:1 | Reached skill level 18 in Armour
 44336 | Vaults:1 | Paralysed by a hornet for 3 turns
 44347 | Vaults:1 | Reached XP level 19. HP: 153/179 MP: 16/24
 44374 | Vaults:1 | Received a gift from Okawaru
 44459 | Vaults:1 | Received a gift from Okawaru
 44883 | Vaults:1 | Noticed stburah's ghost (adept FoFi)
 44888 | Vaults:1 | Found a runed gate.
 44888 | Vaults:1 | Found a runed gate.
 44888 | Vaults:1 | Found a runed gate.
 45363 | Vaults:1 | Reached skill level 19 in Armour
 45765 | Vaults:1 | Found a gateway to a bazaar.
 45771 | Bazaar   | Entered a bazaar
 45774 | Bazaar   | Found Xoac's Book Boutique.
 45777 | Bazaar   | Found Kongar's Book Shoppe.
 45788 | Bazaar   | Found Toen's Antique Weapon Emporium.
 45796 | Bazaar   | Found Galuuzxe's Jewellery Emporium.
 45804 | Bazaar   | Found Cogetz's Magic Scroll Shop.
 45814 | Bazaar   | Bought a scroll of acquirement for 624 gold pieces
 45814 | Bazaar   | Bought a scroll of summoning for 114 gold pieces
 45814 | Bazaar   | Bought a scroll of summoning for 114 gold pieces
 45891 | Vaults:1 | Got a vibrating turquoise ring
 46116 | Vaults:2 | Found a magical portal.
 46128 | WizLab   | Entered Zonguldrok's Shrine
 46257 | WizLab   | Received a gift from Okawaru
 46326 | WizLab   | Noticed an antique lich
 46329 | WizLab   | Found the +9 sword of Zonguldrok {reap}
 46337 | WizLab   | Killed an antique lich
 46500 | Vaults:2 | Found Fyoskeek's Gadget Emporium.
 47425 | Vaults:2 | Received a gift from Okawaru
 47801 | Vaults:2 | Got a crude hat {god gift}
 47818 | Vaults:2 | Identified the +0 hat of Inviolability {Int+4} (Okawaru
                  | gifted it to you on level 2 of the Vaults)
 47927 | Vaults:2 | Reached skill level 20 in Armour
 48724 | Vaults:3 | Paralysed by a hornet for 3 turns
 48897 | Vaults:3 | Reached XP level 20. HP: 184/191 MP: 25/25
 49618 | Vaults:3 | Received a gift from Okawaru
 49628 | Vaults:3 | Got an encrusted executioner's axe {god gift}
 49630 | Vaults:3 | Identified the +1 executioner's axe of Mutilation {freeze,
                  | *Rage *Slow rPois Dex+9} (Okawaru gifted it to you on level
                  | 3 of the Vaults)
 49829 | Vaults:3 | Found a staircase to the Crypt.
 50018 | Vaults:4 | Identified the ring of Jutz {rPois Str+7 Int+2 Stlth-} (You
                  | found it on level 1 of the Vaults)
 50038 | Vaults:4 | Paralysed by a sphinx for 3 turns
 50044 | Vaults:4 | Reached skill level 21 in Armour
 50317 | Vaults:4 | Received a gift from Okawaru
 51240 | Vaults:4 | Got a twitching lead ring
 51736 | Vaults:4 | Received a gift from Okawaru
 52192 | Elf:1    | Entered Level 1 of the Elven Halls
 52261 | Elf:1    | Reached skill level 22 in Armour
 52261 | Elf:1    | Reached XP level 21. HP: 200/201 MP: 26/26
 52389 | Elf:1    | Found a transporter.
 52389 | Elf:1    | Noticed dleb1993's ghost (journeyman DDNe)
 52391 | Elf:1    | Found the ring of Phasing {EV+8}
 52398 | Elf:1    | Found a transporter.
 52401 | Elf:1    | Found a deep blue altar of Sif Muna.
 52471 | Elf:1    | Killed dleb1993's ghost
 52509 | Elf:1    | Identified the ring "Buduguu" {rC+ Stlth+} (You took it off
                  | an ogre mage on level 4 of the Vaults)
 52642 | Elf:1    | Received a gift from Okawaru
 52936 | Elf:1    | Found Puoseops's Jewellery Shop.
 52936 | Elf:1    | Found Wofijoing's Gadget Emporium.
 52937 | Elf:1    | Found Cemej's Gadget Emporium.
 52948 | Elf:1    | Bought the ring "Jegg" {*Drain rF++ MR+ Int+3} for 562 gold
                  | pieces
 53256 | Elf:2    | Found Ekobud's Weapon Shoppe.
 53412 | Elf:2    | Found Sanevium's Distillery.
 53412 | Elf:2    | Found Raesuowk's Gadget Shoppe.
 53416 | Elf:2    | Found Nipleil's Food Emporium.
 53472 | Elf:2    | Received a gift from Okawaru
 53522 | Elf:2    | Bought a potion of mutation for 96 gold pieces
 53522 | Elf:2    | Bought a potion of haste for 120 gold pieces
 53828 | Elf:2    | Found a huge runed gate.
 53828 | Elf:2    | Found a huge runed gate.
 53828 | Elf:2    | Found a huge runed gate.
 53828 | Elf:2    | Found a huge runed gate.
 53832 | Elf:2    | Found a huge runed gate.
 54451 | Elf:2    | Cast into level 2 of the Abyss (lajatang of distortion)
 54478 | Abyss:2  | Found a corrupted altar of Lugonu.
 54772 | Abyss:2  | Reached skill level 23 in Armour
 54948 | Abyss:3  | Found a corrupted altar of Lugonu.
 54980 | Abyss:3  | Found a corrupted altar of Lugonu.
 55075 | Elf:2    | Escaped the Abyss
 55697 | Elf:3    | Entered Level 3 of the Elven Halls
 55751 | Elf:3    | Received a gift from Okawaru
 56176 | Elf:3    | Found Covupsuo's Antique Weapon Shop.
 56794 | Elf:3    | Reached XP level 22. HP: 150/213 MP: 21/27
 56994 | Elf:3    | Got a transparent jade ring
 57817 | Elf:3    | Received a gift from Okawaru
 57843 | Elf:3    | Got a faintly glowing battleaxe {god gift}
 57847 | Elf:3    | Identified the +0 battleaxe of Reapportionment {protect,
                  | rN+} (Okawaru gifted it to you on level 3 of the Elven
                  | Halls)
 57854 | Elf:3    | Identified the ring "Ihim" {rF+ rN+ Int+3} (You took it off
                  | a deep elf mage on level 3 of the Elven Halls)
 57914 | Elf:3    | Got a transparent bronze ring
 57961 | Elf:3    | Reached skill level 24 in Armour
 58232 | Elf:3    | Identified the ring "Teicvosi" {Wiz rF+ Dex+6 Slay-5} (You
                  | took it off a deep elf mage on level 3 of the Elven Halls)
 58250 | Elf:3    | Identified Sif Muna's Handbook of Evil Rituals and Good
                  | Luck
 58642 | Depths:1 | Entered Level 1 of the Depths
 58718 | Depths:1 | Found a flickering gateway to a bazaar.
 58727 | Bazaar   | Entered a bazaar
 58727 | Bazaar   | Found Doeviu's Distillery.
 58727 | Bazaar   | Found Xeblev's Antique Armour Shop.
 58745 | Bazaar   | Found Ivocres's Jewellery Emporium.
 58764 | Bazaar   | Found Issebbu's Antique Weapon Boutique.
 58775 | Bazaar   | Found Zewik's General Store.
 58783 | Bazaar   | Bought a scroll of enchant weapon for 90 gold pieces
 58783 | Bazaar   | Bought the +11 chain mail of the Ladybird {Dex+3} for 873
                  | gold pieces
 58895 | Depths:1 | Received a gift from Okawaru
 59095 | Depths:1 | Found a shattered altar of Ashenzari.
 59351 | Depths:1 | Found a gateway to Hell.
 59822 | Depths:2 | Received a gift from Okawaru
 59869 | Depths:2 | Noticed Asterion
 59886 | Depths:2 | Killed Asterion
 60483 | Depths:2 | Reached skill level 25 in Armour
 60946 | Depths:2 | Paralysed by a floating eye for 4 turns
 61133 | Depths:2 | Received a gift from Okawaru
 61136 | Depths:2 | Got a translucent battleaxe {god gift}
 61142 | Depths:2 | Identified the +2 battleaxe of Bloody Death {freeze, rC-
                  | Int+4 Dex+2} (Okawaru gifted it to you on level 2 of the
                  | Depths)
 61304 | Depths:2 | Found a one-way gate leading to the halls of Pandemonium.
 61451 | Depths:2 | Reached XP level 23. HP: 164/223 MP: 20/28
 62136 | Depths:3 | Received a gift from Okawaru
 62272 | Depths:3 | Found a portal to a secret trove of treasure.
 62360 | Depths:3 | Found a one-way gate to the infinite horrors of the Abyss.
 62613 | Depths:3 | Found a gateway to a ziggurat.
 62748 | Depths:3 | Got a warped battleaxe {god gift}
 62751 | Depths:3 | Identified the +6 battleaxe of Valour {chop, rF- Str+2
                  | Int+3 Stlth+} (Okawaru gifted it to you on level 3 of the
                  | Depths)
 63027 | Elf:2    | Bought a potion of resistance for 120 gold pieces
 63392 | Depths:3 | You paid a toll of 3 potions of resistance to enter a
                  | treasure trove
 63393 | Trove    | Entered a treasure trove
 63399 | Trove    | Got a faintly glowing silver amulet
 63403 | Trove    | Got a sparkling lead ring
 63406 | Trove    | Got a faintly glowing bone ring
 63410 | Trove    | Got a scintillating steel ring
 63415 | Trove    | Got a warped pewter ring
 63418 | Trove    | Got a scintillating bone ring
 63434 | Depths:3 | Identified the amulet "Iroquin" {RegenMP -Tele rElec rF+
                  | rN++} (You found it in a treasure trove)
 63436 | Depths:3 | Identified the cursed ring "Giurae" {MP+9 AC-4 Int+3} (You
                  | found it in a treasure trove)
 63439 | Depths:3 | Identified the ring "Dynina" {rPois rC+ rN+ Str+2 Int-5}
                  | (You found it in a treasure trove)
 63441 | Depths:3 | Identified the ring "Uvuch" {Fire Int+4 Dex-5} (You found
                  | it in a treasure trove)
 63443 | Depths:3 | Identified the ring of the Three Moons {*Slow +Fly Str+3
                  | Int+4} (You found it in a treasure trove)
 63445 | Depths:3 | Identified the ring "Caese" {+Fly rC- rN+ Slay-5 Stlth+}
                  | (You found it in a treasure trove)
 64335 | Depths:4 | Received a gift from Okawaru
 64954 | Depths:4 | Noticed a caustic shrike
 64978 | Depths:4 | Killed a caustic shrike
 65749 | Depths:5 | Entered Level 5 of the Depths
 65864 | Depths:5 | Paralysed by a lich for 2 turns
 66173 | Depths:5 | Reached XP level 24. HP: 183/234 MP: 28/28
 66579 | Depths:5 | Noticed a juggernaut
 66589 | Depths:5 | Received a gift from Okawaru
 66599 | Depths:5 | Killed a juggernaut
 66720 | Depths:5 | Paralysed by a floating eye for 3 turns
 66747 | Depths:5 | Reached skill level 26 in Armour
 66981 | Depths:5 | Received a gift from Okawaru
 67077 | Depths:5 | Found a gate to the Realm of Zot.
 67499 | Vaults:5 | Entered Level 5 of the Vaults
 67562 | Vaults:5 | Noticed Margery
 67804 | Vaults:5 | Killed Margery
 67815 | Vaults:5 | Noticed Sojobo
 67864 | Vaults:5 | Killed Sojobo
 68357 | Vaults:5 | Noticed Xtahua
 68366 | Vaults:5 | Killed Xtahua
 68374 | Vaults:5 | Received a gift from Okawaru
 69097 | Vaults:5 | Reached XP level 25. HP: 176/243 MP: 28/28
 69113 | Vaults:5 | Received a gift from Okawaru
 69761 | Vaults:5 | Found Tagistuphe's Food Boutique.
 69789 | Vaults:5 | Got a polished battleaxe
 69791 | Vaults:5 | Identified the +5 battleaxe of Valiance {holy, rC+} (You
                  | acquired it on level 5 of the Vaults)
 70147 | Vaults:5 | Found Veud's Book Shop.
 70148 | Vaults:5 | Found Gablarph's Weapon Shoppe.
 70297 | Vaults:5 | Got a silver rune of Zot
 70319 | Vaults:5 | Found Gurokhleu's Gadget Boutique.
 70319 | Vaults:5 | Found Nehelaf's Gadget Boutique.
 70467 | Vaults:5 | Found Amyok's Magic Scroll Shop.
 70471 | Vaults:5 | Bought a scroll of identify for 48 gold pieces
 70496 | Vaults:5 | Found Jukog's Magic Scroll Emporium.
 70500 | Vaults:5 | Bought a scroll of identify for 22 gold pieces
 71238 | Slime:1  | Entered Level 1 of the Pits of Slime
 73743 | Zig:1    | Entered Level 1 of a ziggurat
 73763 | Zig:2    | Entered Level 2 of a ziggurat
 73800 | Zig:3    | Entered Level 3 of a ziggurat
 73800 | Zig:3    | Noticed Wiridu the pandemonium lord
 73831 | Zig:3    | Killed Wiridu the pandemonium lord
 73875 | Zig:4    | Entered Level 4 of a ziggurat
 73906 | Zig:4    | Identified the Papyrus of the Nexus
 73921 | Zig:4    | Reached XP level 26. HP: 144/254 MP: 28/28
 74142 | Zig:5    | Entered Level 5 of a ziggurat
 74164 | Zig:5    | Received a gift from Okawaru
 74174 | Zig:5    | Got a faintly glowing amber ring
 74179 | Zig:5    | Identified the ring "Zesmilar" {rC+ SInv} (You found it on
                  | level 5 of a ziggurat)
 74355 | Zig:6    | Entered Level 6 of a ziggurat
 75150 | Temple   | Fell from the grace of Okawaru
 75150 | Temple   | Became a worshipper of the Shining One
 75490 | Zot:1    | Entered Level 1 of the Realm of Zot
 75501 | Zot:1    | Reached skill level 27 in Armour
 76008 | Zot:1    | Reached * piety under the Shining One
 76054 | Zot:1    | Reached XP level 27. HP: 264/264 MP: 28/28
 76941 | Zot:2    | Reached ** piety under the Shining One
 80126 | Zot:3    | Reached *** piety under the Shining One
 80605 | Zot:4    | Noticed an orb of fire
 80611 | Zot:4    | Gained mutation: Your spells are a little easier to cast,
                  | but a little less powerful. [an orb of fire]
 80613 | Zot:4    | Gained mutation: You are frail. (-10% HP) [an orb of fire]
 80622 | Zot:4    | Gained mutation: Scrolls take you a little longer to read.
                  | [an orb of fire]
 80624 | Zot:4    | Killed an orb of fire
 80640 | Zot:4    | Lost mutation: Scrolls take you a little longer to read.
                  | [potion of mutation]
 80640 | Zot:4    | Lost mutation: You are frail. (-10% HP) [potion of
                  | mutation]
 80640 | Zot:4    | Lost mutation: Your spells are a little easier to cast, but
                  | a little less powerful. [potion of mutation]
 80640 | Zot:4    | Gained mutation: You have sharp toenails. [potion of
                  | mutation]
 80640 | Zot:4    | Gained mutation: You have razor-sharp toenails. [potion of
                  | mutation]
 80640 | Zot:4    | Gained mutation: You have claws for feet. [potion of
                  | mutation]
 81772 | Zot:4    | HP: 12/267 [green draconian monk (8)]
 81773 | Zot:4    | HP: 1/267 [green draconian monk (10)]
 81773 | Zot:4    | Mangled by a green draconian

Vault maps used:
D:1:      zelgadis_glass_arrival_small, minmay_liquid_box,
          minmay_misc_feat_square
D:2:      wad_woods_stonehenge, first_ration, chequers_ecumenical_altar_island
D:3:      uniq_terence
D:5:      ebering_ghost_inner_flame, bh_walls_and_bars, uniq_ijyb,
          uniq_prince_ribbit1
D:6:      old_standard_altar, led_sif_book, old_standard_altar, st_stairs_11
D:7:      minmay_temple_entry_grid, serial_shops, nicolae_shop_stone,
          uniq_joseph
D:8:      elyvilon_altar_4
D:9:      nicolae_qazlal_eye_of_the_storm, gammafunk_temple_overflow_statue,
          dpeg_oklobed_lair, david_orc_2, basic_altar, hangedman_ranch,
          kb_lookout_dungeons_type, corexii_leaking_fountain
D:10:     basic_altar, serial_shops, shop
D:11:     serial_shops, nicolae_shop_stone, basic_altar
D:12:     minmay_the_grid_square_5x5_3x3_mashed
D:14:     evilmike_library_of_no_secrets, david_vaults_2, basic_altar,
          infiniplex_staircase_star
D:15:     grunt_enter_depths_snipers
Temple:   eino_wide_crystal_templ
Lair:1:   minmay_lair_venomous_thicket, serial_bayou_lake_a, uniq_nergalle
Lair:2:   kb_forest_paths, spider_nest_entry_a
Lair:3:   grunt_megastairs_2, infiniplex_staircase_pool
Lair:4:   minmay_swamp_entry_worms, basic_altar, lemuel_fruit_fields,
          lemuel_fruit_fields
Lair:5:   serial_bayou_pond_a
Lair:6:   grunt_lair_end_beastmaster, minmay_slime_entry_oklob_enclosed,
          special_room, nicolae_quartered_pool_little, lemuel_oklob_altar
Swamp:1:  serial_swamp_ruin, evilmike_swamp_ruin_house_5,
          evilmike_swamp_ruin_house_4, hangedman_swamp_ruin_wall,
          grunt_lady_of_the_lake
Swamp:2:  evilmike_swamp_ruin_house_2, uniq_kirke
Swamp:3:  evilmike_swamp_ruin_wall
Swamp:4:  swamp_vile, uniq_roxanne
Spider:2: uniq_arachne, uniq_jorgrun
Spider:3: gammafunk_its_a_trap, nicolae_arachne_temple
Spider:4: guppyfry_spider_rune
Orc:1:    guppyfry_library_mini
Orc:2:    grunt_orc_community_town_hall, grunt_orc_community_big_house_1,
          grunt_orc_community_big_house_1, grunt_orc_community_house_3,
          grunt_orc_community_house_2, grunt_orc_community_house_3,
          grunt_orc_community_house_2, grunt_orc_community_house_1,
          grunt_orc_community_house_2
Elf:1:    minmay_elf_arrival_circle, gammafunk_ghost_arena, basic_altar,
          orc_legates, hangedman_glass_teeth, minmay_shop_grove
Elf:2:    minmay_shoptagon
Elf:3:    minmay_elf_hall_circle, serial_shops, shop
Vaults:1: gammafunk_vaults_ghost_split, hangedman_vaults_hard_town_square,
          vaults_dpeg_spiral, v_misc_18, vaults_room_grid, v_misc_24,
          ontoclasm_vaults_chip, nicolae_vaults_specimen_jars,
          nicolae_vaults_rhombus_7, ontoclasm_vaults_shuriken,
          nicolae_vaults_little_squares_6, ontoclasm_vaults_misaligned,
          v_misc_1, hangedman_vaults_impose,
          portal_desolation_entry_nicolae_slug, serial_shops, bzr_entry_safe
Vaults:2: vaults_room_boxed, hangedman_vaults_slice, serial_ice_g,
          nicolae_vaults_statue_guard, nicolae_vaults_shelves_hall,
          infiniplex_enter_wizlab_glasses, serial_shops, shop
Vaults:3: ontoclasm_vaults_shout, ontoclasm_vaults_misaligned,
          nicolae_vaults_asterisk, minmay_crypt_entry_simple_walls,
          grunt_vaults_twisty, grunt_vaults_bifocal,
          nicolae_vaults_ring_of_whatevers, v_misc_4,
          vaults_room_grunt_arrival_ludios, v_misc_1, dpeg_vaults_monster_box,
          nicolae_vaults_little_squares_4
Vaults:4: vaults_room_grid, nicolae_vaults_little_squares_2,
          hangedman_vaults_impose, vaults_mumra_minichess,
          nicolae_vaults_rhombus_6, ontoclasm_vaults_ring_large, v_misc_32,
          v_alt_pattern_4, v_rooms_5, hangedman_vaults_locks,
          hangedman_vaults_stream
Vaults:5: serial_shops, uniq_sojobo, uniq_margery, uniq_xtahua
Depths:1: lightli_too_deep, hangedman_abyss_or_decor_clamps,
          serial_column_ruins, column_ruins_hut_pillars,
          column_ruins_corridor_T, column_ruins_columns_plus,
          column_ruins_open_tiny, column_ruins_columns_straight, serial_shops,
          bzr_entry_customers, nicolae_ashenzari_panopticon
Depths:2: lemuel_river_lethe, pan_entry, hell_entry, uniq_asterion,
          uniq_saint_roka
Depths:3: hangedman_screamer, enter_ziggurat_b, hell_entry, enter_trove_6,
          abyss_entry, pan_entry, nicolae_benzene_ring, minmay_stone_trees_small
Depths:4: kennysheep_oblong_rooms, minmay_room_of_horrors,
          grunt_hell_entry_dis_old, kennysheep_generic_room_9,
          minmay_staircase_windowed_large
Depths:5: grunt_zot_entry_alcove, nicolae_sextant, hell_entry,
          skrybe_limestone_x
Zot:1:    grunt_ministairs_7
Zot:2:    grunt_megastairs_5
Zot:3:    st_small_dragon_hoard_2
Abyss:2:  guppyfry_abyss_exit_imp_island
Abyss:3:  nicolae_abyss_rune_star_stuff
Abyss:4:  hangedman_summoners_spam, nicolae_abyss_rune_left_handed
Zig:2:    ziggurat_pillar_centre_c
Bazaar:   bazaar_kb_twisted_cavern, bazaar_lake
Trove:    trove_jewellery_lava
WizLab:   wizlab_zonguldrok

Skill      XL: |  1  2  3  4  5  6  7  8  9 10 11 12 13 14 15 16 17 18 19 20 21 22 23 24 25 26 27 |
---------------+----------------------------------------------------------------------------------+-----
Axes           | 4 5 6 7 9 10 12 13 15 16 18 19 20 22 23 24 25 26 | 26.4
Armour         | 1 2 3 4 6 7 9 10 11 13 14 15 16 17 18 20 22 23 25 26 27 | 27.0
Fighting       | 3 4 5 6 8 9 11 12 13 14 15 16 17 18 19 20 21 22 23 24 25 | 25.6
Dodging        | 4 5 6 7 9 10 12 13 14 15 17 18 19 20 21 22 24 26 | 26.5
Invocations    | 3 5 8 |  8.0
Throwing       | |  2.0

Action                   |  1- 3 |  4- 6 |  7- 9 | 10-12 | 13-15 | 16-18 | 19-21 | 22-24 | 25-27 || total
-------------------------+-------+-------+-------+-------+-------+-------+-------+-------+-------++-------
Melee: War axe           |    85 |    70 |     2 |       |       |       |       |       |       ||   157
       Headbutt          |    23 |    16 |    52 |   117 |   228 |   316 |   370 |   490 |   393 ||  2005
       Dagger            |       |     9 |       |       |       |       |       |       |       ||     9
       Hand axe          |       |       |   234 |    47 |       |       |       |       |       ||   281
       Broad axe         |       |       |       |   241 |       |       |       |       |       ||   241
       Punch             |       |       |       |     1 |       |       |       |       |       ||     1
       Battleaxe         |       |       |       |   181 |   962 |  1289 |  1340 |  1499 |  1218 ||  6489
       Kick              |       |       |       |       |       |       |       |       |    75 ||    75
Invok: Heroism           |       |       |       |     4 |    19 |    19 |    19 |    17 |     1 ||    79
       Finesse           |       |       |       |     1 |    13 |     9 |     8 |    10 |     3 ||    44
       Divine Shield     |       |       |       |       |       |       |       |       |     3 ||     3
 Abil: Evoke Flight      |       |       |     1 |       |       |       |       |       |       ||     1
Evoke: Wand              |       |       |       |       |       |     3 |       |       |       ||     3
  Use: Scroll            |       |     4 |       |    13 |    19 |    10 |    16 |    20 |     5 ||    87
       Potion            |       |       |       |    13 |     8 |     2 |     4 |     9 |     8 ||    44
 Stab: Distracted        |       |       |       |     1 |     1 |     1 |       |       |       ||     3
       Sleeping          |       |       |       |     7 |     7 |       |       |       |       ||    14
  Eat: Chunk             |     1 |     4 |     9 |    24 |    12 |     5 |    14 |     3 |     4 ||    76
       Ration            |     1 |       |     1 |     1 |     9 |    14 |     8 |    11 |    11 ||    56
Armor: Leather armour    |    20 |       |       |       |       |       |       |       |       ||    20
       Ring mail         |     3 |    21 |    64 |   113 |   193 |       |       |       |       ||   394
       Crystal plate arm |       |       |       |       |    74 |  1092 |   578 |    71 |       ||  1815
       Chain mail        |       |       |       |       |       |       |       |   291 |       ||   291
       Gold dragon scale |       |       |       |       |       |       |       |   344 |   940 ||  1284
Dodge: Dodged            |    57 |    57 |   185 |   377 |   894 |  1371 |  1036 |  1578 |  1122 ||  6677
Block: Other             |       |       |       |       |       |       |       |       |    17 ||    17

Table legend:
 A = Non-vault XP
 B = Vault XP
 C = Vault XP percentage of total XP
 D = Non-vault monster count
 E = Vault monster count
 F = Vault count percentage of total count
                 A         B        C        D         E       F
            +---------+---------+-------+---------+---------+-------
      Total |  900195 |  639264 |  41.5 |    1642 |     905 |  35.5
            +---------+---------+-------+---------+---------+-------
        D:1 |      33 |       0 |   0.0 |      20 |       0 |   0.0
        D:2 |      41 |      11 |  21.2 |      11 |       6 |  35.3
        D:3 |      84 |      32 |  27.6 |      12 |       1 |   7.7
        D:4 |     543 |       0 |   0.0 |      26 |       0 |   0.0
        D:5 |     631 |     835 |  57.0 |      24 |       4 |  14.3
        D:6 |     800 |     101 |  11.2 |      27 |       4 |  12.9
        D:7 |     544 |     412 |  43.1 |      11 |       1 |   8.3
        D:8 |     975 |       0 |   0.0 |      14 |       0 |   0.0
        D:9 |    1677 |    2272 |  57.5 |      26 |      17 |  39.5
       D:10 |    2893 |       0 |   0.0 |      20 |       0 |   0.0
       D:11 |    2422 |       0 |   0.0 |      14 |       0 |   0.0
       D:12 |    2533 |    5596 |  68.8 |      22 |      18 |  45.0
       D:13 |    9776 |       0 |   0.0 |      43 |       0 |   0.0
       D:14 |    2078 |   15180 |  88.0 |       9 |      23 |  71.9
       D:15 |    7793 |    2986 |  27.7 |      32 |       3 |   8.6
     Lair:1 |    3330 |    2258 |  40.4 |      17 |      15 |  46.9
     Lair:2 |    4588 |    3899 |  45.9 |      12 |      16 |  57.1
     Lair:3 |    1588 |       0 |   0.0 |       8 |       0 |   0.0
     Lair:4 |    1978 |     436 |  18.1 |       9 |       2 |  18.2
     Lair:5 |    9794 |       0 |   0.0 |      32 |       0 |   0.0
     Lair:6 |    6211 |   18382 |  74.7 |      20 |      45 |  69.2
    Swamp:1 |   10781 |       0 |   0.0 |      25 |       0 |   0.0
    Swamp:2 |   10253 |    2487 |  19.5 |      27 |       3 |  10.0
    Swamp:3 |   11588 |     262 |   2.2 |      31 |       1 |   3.1
    Swamp:4 |   24477 |   19031 |  43.7 |      54 |      27 |  33.3
   Spider:1 |   26558 |    6485 |  19.6 |      77 |       2 |   2.5
   Spider:2 |   18872 |    4628 |  19.7 |      51 |      13 |  20.3
   Spider:3 |   14112 |   15501 |  52.3 |      45 |      28 |  38.4
   Spider:4 |   19073 |   23635 |  55.3 |      53 |      40 |  43.0
    Slime:1 |    9972 |       0 |   0.0 |      13 |       0 |   0.0
    Slime:2 |   21369 |       0 |   0.0 |      45 |       0 |   0.0
    Slime:3 |    7931 |       0 |   0.0 |      16 |       0 |   0.0
      Orc:1 |    3395 |       0 |   0.0 |      36 |       0 |   0.0
      Orc:2 |    1001 |   10546 |  91.3 |      15 |      72 |  82.8
      Elf:1 |   20893 |   16152 |  43.6 |      35 |      37 |  51.4
      Elf:2 |   24963 |   21706 |  46.5 |      45 |      28 |  38.4
      Elf:3 |   17258 |   52329 |  75.2 |      25 |      35 |  58.3
   Vaults:1 |   46085 |   15167 |  24.8 |      76 |      27 |  26.2
   Vaults:2 |   24145 |   12598 |  34.3 |      51 |      16 |  23.9
   Vaults:3 |   14919 |   31351 |  67.8 |      26 |      41 |  61.2
   Vaults:4 |   42687 |   24046 |  36.0 |      63 |      32 |  33.7
   Vaults:5 |   31000 |  144981 |  82.4 |      51 |     103 |  66.9
   Depths:1 |   24840 |    3565 |  12.6 |      28 |       5 |  15.2
   Depths:2 |       0 |   64336 | 100.0 |       0 |     124 | 100.0
   Depths:3 |   30034 |   25702 |  46.1 |      37 |      32 |  46.4
   Depths:4 |   48734 |   18509 |  27.5 |      54 |      23 |  29.9
   Depths:5 |   51773 |   23062 |  30.8 |      36 |      15 |  29.4
      Zot:1 |   42764 |   13562 |  24.1 |      24 |       8 |  25.0
      Zot:2 |   68519 |   15879 |  18.8 |      43 |      10 |  18.9
      Zot:3 |   61622 |    6997 |  10.2 |      32 |       3 |   8.6
      Zot:4 |   41587 |       0 |   0.0 |      20 |       0 |   0.0
    Abyss:2 |   15454 |       0 |   0.0 |      21 |       0 |   0.0
    Abyss:3 |   13676 |       0 |   0.0 |      24 |       0 |   0.0
    Abyss:4 |    2219 |       0 |   0.0 |       4 |       0 |   0.0
      Zig:1 |     688 |       0 |   0.0 |       2 |       0 |   0.0
      Zig:2 |    7088 |       0 |   0.0 |       2 |       0 |   0.0
      Zig:3 |    7912 |       0 |   0.0 |       2 |       0 |   0.0
      Zig:4 |    4820 |       0 |   0.0 |       6 |       0 |   0.0
      Zig:5 |    3627 |       0 |   0.0 |       8 |       0 |   0.0
      Zig:6 |    3778 |       0 |   0.0 |       6 |       0 |   0.0
     WizLab |    9416 |    5191 |  35.5 |      24 |       5 |  17.2
 Desolation |       0 |    9156 | 100.0 |       0 |      20 | 100.0
            +---------+---------+-------+---------+---------+-------
